 Dungeon Crawl Stone Soup version 0.26.1-11-gd32895ea62 (webtiles) character file.

Game seed: 14571983306783617736

1957 MisterFreud the Skirmisher (level 9, -1/73 HPs)
             Began as a Gnoll Abyssal Knight on May 20, 2021.
             Was a Priest of Lugonu.
             Slain by a centaur (9 damage)
             ... on level 6 of the Dungeon.
             The game lasted 00:08:17 (8351 turns).

MisterFreud the Skirmisher (Gnoll Abyssal Knight)   Turns: 8351, Time: 00:08:18

Health: -1/73      AC:  3    Str: 15    XL:     9   Next: 19%
Magic:  15/15      EV: 14    Int: 17    God:    Lugonu [***...]
Gold:   252        SH:  0    Dex: 15    Spells: 16/16 levels left

rFire    . . .     SeeInvis .   a - +1 dagger (venom)
rCold    . . .     Faith    .   (no shield)
rNeg     . . .     Spirit   .   z - +0 leather armour
rPois    .         Reflect  .   (no helmet)
rElec    .         Harm     .   (no cloak)
rCorr    .         Rampage  .   (no gloves)
Will     .....                  (no boots)
Stlth    ++........             (no amulet)
HPRegen  0.22/turn              (no ring)
MPRegen  0.14/turn              (no ring)

@: no status effects
A: distributed training, fangs 1, strong nose
a: Renounce Religion, Depart the Abyss, Bend Space, Banish


You were on level 6 of the Dungeon.
You worshipped Lugonu.
Lugonu was most pleased with you.
You visited 1 branch of the dungeon, and saw 6 of its levels.
You visited the Abyss 1 time.

You collected 252 gold pieces.

Inventory:

Hand Weapons
 a - a +1 dagger of venom (weapon)
 b - a +0 fustibalus
 o - a +1 short sword
Missiles
 g - 20 poisoned darts
 m - 8 atropa-tipped darts
 s - 16 sling bullets
 A - 2 silver boomerangs
 B - 5 boomerangs
Armour
 z - a +0 leather armour (worn)
Wands
 j - a wand of digging (5)
 v - a wand of enslavement (8)
Scrolls
 e - 2 scrolls of immolation {unknown}
 f - 2 scrolls of enchant weapon {unknown}
 h - 5 scrolls of remove curse {unknown}
 k - a scroll of magic mapping {unknown}
 l - a scroll of blinking {unknown}
 p - 4 scrolls of identify {unknown}
 q - a scroll of noise {unknown}
 t - a scroll of enchant armour {unknown}
 w - a scroll of teleportation {unknown}
 y - a scroll of amnesia {unknown}
Potions
 c - 3 potions of heal wounds {unknown}
 i - 2 potions of brilliance {unknown}
 n - a potion of mutation {unknown}
 r - a potion of lignification {unknown}
 u - 4 potions of flight {unknown}
 x - 2 potions of resistance {unknown}
 C - a potion of haste {unknown}


   Skills:
 + Level 7.7 Fighting
 + Level 6.1 Short Blades
 + Level 4.0 Long Blades
 + Level 4.0 Axes
 + Level 4.0 Maces & Flails
 + Level 4.0 Polearms
 + Level 4.0 Staves
 + Level 4.0 Slings
 + Level 4.0 Bows
 + Level 4.0 Crossbows
 + Level 4.0 Throwing
 + Level 6.1 Armour
 + Level 4.8 Dodging
 + Level 4.0 Stealth
 + Level 4.0 Shields
 + Level 4.0 Unarmed Combat
 + Level 4.0 Spellcasting
 + Level 3.3 Conjurations
 + Level 3.3 Hexes
 + Level 3.3 Summonings
 + Level 3.3 Necromancy
 + Level 3.3 Translocations
 + Level 3.3 Transmutations
 + Level 3.3 Fire Magic
 + Level 3.3 Ice Magic
 + Level 3.3 Air Magic
 + Level 3.3 Earth Magic
 + Level 3.3 Poison Magic
 + Level 6.4 Invocations
 + Level 4.0 Evocations


You had 16 spell levels left.
You didn't know any spells.
Your spell library contained the following spells:

 Spells                   Type           Power        Failure   Level
 Sting                    Tmut/Pois      56%          4%          1
 Poisonous Vapours        Pois/Air       28%          8%          2
 Ignite Poison            Fire/Tmut/Pois 14%          14%         3
 Mephitic Cloud           Conj/Pois/Air  14%          14%         3
 Olgreb's Toxic Radiance  Pois           14%          43%         4


Dungeon Overview and Level Annotations

Branches:
Dungeon (6/15)             Temple (0/1) D:4

Altars:
Elyvilon
Hepliaklqana
Makhleb
Ru
Vehumet
The Shining One


Innate Abilities, Weirdness & Mutations

Your experience applies equally to all skills.
You have very sharp teeth.
Your uncanny sense of smell can sniff out nearby items.


Message History

The centaur shoots an arrow.
The arrow barely misses you.
The arrow hits the adder.
The adder dies!
The centaur shoots an arrow.
The arrow hits you.
* * * LOW HITPOINT WARNING * * *
Items here: ( ) [ †.
You start resting.
The centaur shoots an arrow.
The arrow hits you!
* * * LOW HITPOINT WARNING * * *
The centaur unwields a +0 shortbow.
The centaur closely misses you.
Items here: ( ) [ †.
You feel better. The centaur hits you.
* * * LOW HITPOINT WARNING * * *
The centaur hits you.
* * * LOW HITPOINT WARNING * * *
You feel better. The centaur hits you.
* * * LOW HITPOINT WARNING * * *
You hit the centaur but do no damage. You bite the centaur.
The centaur is lightly wounded.
The centaur hits you!
You die...

#....)..#
#.#####)#
####.....#.# #
#........#.## #
#.#.........#
####'###.......###
.......#.....(...#
.......##..#...#(#
..............##@#
.......##.#.#..c.#
.......##...######
........†c..###
..............#
......>..c....#
#####.#.......+
#.#..o....#
#.+.......#


You could see a centaur.

Vanquished Creatures
  Grinder (D:4)
  Sigmund (D:5)
  2 orc warriors
  3 ice beasts (D:5)
  An ogre (D:4)
  2 phantoms (D:4)
  A centaur (D:5)
  A crimson imp (D:5)
  2 hounds
  5 orc priests
  A quasit (D:6)
  A bullfrog skeleton (D:4)
  2 iguanas
  Natasha (D:2)
  Terence (D:2)
  7 orc wizards
  2 hound skeletons
  5 adders
  A shadow imp (D:5)
  A white imp (D:5)
  An adder skeleton (D:5)
  A worm (D:2)
  3 dart slugs
  A leopard gecko (D:3)
  27 orcs
  5 giant cockroaches
  2 goblins
  7 hobgoblins
  6 jackals
  6 kobolds
  3 quokkas
  5 ball pythons
  A ball python skeleton (D:4)
  9 bats
  5 frilled lizards
  A leopard gecko skeleton (D:5)
  A leopard gecko zombie (D:6)
  A quokka skeleton (D:5)
  7 rats
133 creatures vanquished.

Vanquished Creatures (others)
  Jessica (D:2)
  An adder (D:6)
  7 fungi (D:6)
9 creatures vanquished.

Grand Total: 142 creatures vanquished

Notes
Turn   | Place    | Note
-------+----------+-------------------------------------------
     0 | Abyss:1  | MisterFreud the Gnoll Abyssal Knight began the quest for
                  | the Orb.
     0 | Abyss:1  | Reached XP level 1. HP: 23/23 MP: 3/3
    18 | Abyss:1  | Found a corrupted altar of Lugonu.
    70 | Abyss:1  | Noticed a small abomination
    71 | D:1      | Escaped the Abyss
   322 | D:1      | Reached XP level 2. HP: 29/29 MP: 5/5
   633 | D:1      | Reached * piety under Lugonu
  1056 | D:1      | Reached XP level 3. HP: 35/35 MP: 6/6
  1207 | D:2      | Found a white marble altar of Elyvilon.
  1211 | D:2      | Noticed Jessica
  1219 | D:2      | Killed Jessica
  1838 | D:2      | Reached skill level 1 in Long Blades
  1838 | D:2      | Reached skill level 1 in Axes
  1838 | D:2      | Reached skill level 1 in Maces & Flails
  1838 | D:2      | Reached skill level 1 in Polearms
  1838 | D:2      | Reached skill level 1 in Staves
  1838 | D:2      | Reached skill level 1 in Slings
  1838 | D:2      | Reached skill level 1 in Bows
  1838 | D:2      | Reached skill level 1 in Crossbows
  1838 | D:2      | Reached skill level 1 in Throwing
  1838 | D:2      | Reached skill level 1 in Stealth
  1838 | D:2      | Reached skill level 1 in Shields
  1838 | D:2      | Reached skill level 1 in Unarmed Combat
  1838 | D:2      | Reached skill level 1 in Spellcasting
  1838 | D:2      | Reached skill level 1 in Evocations
  1838 | D:2      | Reached XP level 4. HP: 36/41 MP: 7/7
  2191 | D:2      | Noticed Terence
  2206 | D:2      | Killed Terence
  2207 | D:2      | Reached skill level 1 in Conjurations
  2207 | D:2      | Reached skill level 1 in Hexes
  2207 | D:2      | Reached skill level 1 in Summonings
  2207 | D:2      | Reached skill level 1 in Necromancy
  2207 | D:2      | Reached skill level 1 in Translocations
  2207 | D:2      | Reached skill level 1 in Transmutations
  2207 | D:2      | Reached skill level 1 in Fire Magic
  2207 | D:2      | Reached skill level 1 in Ice Magic
  2207 | D:2      | Reached skill level 1 in Air Magic
  2207 | D:2      | Reached skill level 1 in Earth Magic
  2207 | D:2      | Reached skill level 1 in Poison Magic
  2305 | D:2      | Noticed Natasha
  2330 | D:2      | Killed Natasha
  2331 | D:2      | Reached XP level 5. HP: 18/47 MP: 8/8
  2603 | D:2      | Found a glowing golden altar of the Shining One.
  2825 | D:3      | Found a hazy altar of Hepliaklqana.
  3208 | D:3      | Reached ** piety under Lugonu
  3654 | D:4      | Reached skill level 5 in Invocations
  3654 | D:4      | Reached XP level 6. HP: 42/53 MP: 9/9
  4073 | D:4      | Reached skill level 5 in Short Blades
  4073 | D:4      | Reached skill level 5 in Armour
  4369 | D:4      | Found a sacrificial altar of Ru.
  4438 | D:4      | Found a staircase to the Ecumenical Temple.
  4485 | D:4      | Noticed Grinder
  4503 | D:4      | Killed Grinder
  4504 | D:4      | Reached skill level 7 in Fighting
  4504 | D:4      | Reached XP level 7. HP: 14/60 MP: 10/10
  5855 | D:4      | Reached XP level 8. HP: 57/67 MP: 12/12
  5995 | D:5      | Entered Level 5 of the Dungeon
  6342 | D:5      | HP: 3/67 [orc/+0 morningstar (6)]
  7050 | D:5      | Noticed Sigmund
  7069 | D:5      | Killed Sigmund
  7257 | D:5      | Reached *** piety under Lugonu
  7506 | D:5      | Reached XP level 9. HP: 72/72 MP: 14/14
  7952 | D:5      | Found a burning altar of Makhleb.
  7952 | D:5      | Found a radiant altar of Vehumet.
  8351 | D:6      | Slain by a centaur

Illustrated notes

Levels and vault maps discovered:
D:1:      eino_arrival_druids_welcome, layout_basic
D:2:      layout_basic, tso_altar, lemuel_doored_altar, uniq_terence,
          uniq_natasha, uniq_jessica
D:3:      layout_rooms, lemuel_crystal_altar, minmay_fountain_box
D:4:      layout_rooms, hangedman_ru_absence, minmay_temple_entry_antechambers,
          minmay_puff, uniq_grinder
D:5:      cheibrodos_barr_body, layout_loops_ring,
          grunt_temple_overflow_lords_of_destruction, uniq_sigmund
D:6:      layout_basic, general_overflow_altar, serial_aquarium,
          aquarium_bridge_square [aquarium_subvault_window,
          aquarium_subvault_bridge, aquarium_subvault_balcony,
          aquarium_subvault_wall], aquarium_window_1, aquarium_window_corner,
          aquarium_window_2, aquarium_window_2, aquarium_view_2c,
          aquarium_balcony_3b, aquarium_pool_side

Skill      XL: |  1  2  3  4  5  6  7  8  9 |
---------------+----------------------------+-----
Long Blades    | 1 2 3 4 |  4.0
Axes           | 1 2 3 4 |  4.0
Maces & Flails | 1 2 3 4 |  4.0
Polearms       | 1 2 3 4 |  4.0
Staves         | 1 2 3 4 |  4.0
Slings         | 1 2 3 4 |  4.0
Bows           | 1 2 3 4 |  4.0
Crossbows      | 1 2 3 4 |  4.0
Throwing       | 1 2 3 4 |  4.0
Stealth        | 1 2 3 4 |  4.0
Shields        | 1 2 3 4 |  4.0
Unarmed Combat | 1 2 3 4 |  4.0
Spellcasting   | 1 2 3 4 |  4.0
Evocations     | 1 2 3 4 |  4.0
Conjurations   | 1 2 3 |  3.3
Hexes          | 1 2 3 |  3.3
Summonings     | 1 2 3 |  3.3
Necromancy     | 1 2 3 |  3.3
Translocations | 1 2 3 |  3.3
Transmutations | 1 2 3 |  3.3
Fire Magic     | 1 2 3 |  3.3
Ice Magic      | 1 2 3 |  3.3
Air Magic      | 1 2 3 |  3.3
Earth Magic    | 1 2 3 |  3.3
Poison Magic   | 1 2 3 |  3.3
Dodging        | 3 4 |  4.8
Invocations    | 5 6 |  6.4
Short Blades   | 5 6 |  6.1
Armour         | 5 6 |  6.1
Fighting       | 7 |  7.7

Action                   |  1- 3 |  4- 6 |  7- 9 || total
-------------------------+-------+-------+-------++-------
Melee: Short sword       |    98 |    86 |    19 ||   203
       Bite              |     9 |    15 |    49 ||    73
       Dagger            |       |   132 |   341 ||   473
       Punch             |       |     3 |     6 ||     9
 Fire: Fustibalus        |       |       |    17 ||    17
Throw: Stone             |       |       |    12 ||    12
Invok: Depart the Abyss  |     1 |       |       ||     1
  Use: Potion            |       |     1 |     2 ||     3
 Stab: Sleeping          |       |     6 |     6 ||    12
Armor: Leather armour    |    19 |    35 |    32 ||    86
Dodge: Dodged            |    79 |   119 |   149 ||   347
